 Dungeon Crawl Stone Soup version 0.27-a0-1579-g97d2440184 (webtiles) character file.

Game seed: 13084296259785975826

7157 Sin92 the Blocker (level 10, -11/77 (79) HPs)
             Began as a Demonspawn Fighter on July 18, 2021.
             Was a Priest of Okawaru.
             Mangled by a two-headed ogre (21 damage)
             ... on level 10 of the Dungeon.
             The game lasted 00:18:31 (13145 turns).

Sin92 the Blocker (Demonspawn Fighter)             Turns: 13145, Time: 00:18:31

HP:   -11/77 (79)   AC: 16    Str: 19    XL:     10   Next: 86%
MP:   10/10         EV: 12    Int:  9    God:    Okawaru [***...]
Gold: 330           SH: 12    Dex: 19    Spells: 9/9 levels left

rFire    . . .     SeeInvis .   a - +1 long sword (vorpal)
rCold    . . .     Faith    .   c - +0 kite shield
rNeg     . . .     Spirit   .   C - +2 scale mail "Niriedoa" {rCorr Str+3}
rPois    +         Reflect  .   (no helmet)
rElec    .         Harm     .   v - +0 cloak {rPois}
rCorr    +         Rampage  .   t - +0 pair of gloves "Boicry" {+Inv Will+}
Will     +....                  (boots unavailable)
Stlth    +.........             B - amulet of the acrobat
HPRegen  0.22/turn              h - +4 ring of evasion
MPRegen  0.12/turn              k - +4 ring of protection

@: lightly drained
A: talons 3, thin skeletal structure 1, demonic guardian 2
a: Renounce Religion, Evoke Invisibility, Heroism


You were on level 10 of the Dungeon.
You worshipped Okawaru.
Okawaru was most pleased with you.
You visited 2 branches of the dungeon, and saw 11 of its levels.

You collected 501 gold pieces.
You spent 171 gold pieces at shops.

Inventory:

Hand Weapons
 a - a +1 vorpal long sword (weapon)
 f - a +0 rapier of flaming
Missiles
 g - 7 atropa-tipped darts (quivered)
 y - a throwing net
 D - a curare-tipped dart
Armour
 b - a +0 scale mail
 c - a +0 kite shield (worn)
 t - the +0 pair of gloves "Boicry" (worn) {+Inv Will+}
   (You bought it in a shop on level 4 of the Dungeon)

   +Inv:      It lets you turn invisible.
   Will:      It increases your willpower.
 v - a +0 cloak of poison resistance (worn)
 C - the +2 scale mail "Niriedoa" (worn) {rCorr Str+3}
   (You found it on level 9 of the Dungeon)

   Str:       It affects your strength (+3).
   rCorr:     It protects you from acid and corrosion.
Jewellery
 h - a +4 ring of evasion (left hand)
 k - a +4 ring of protection (right hand)
 m - a +4 ring of evasion
 p - the ring "Nocetom" {rElec Str+2 Int+6 Slay-2}
   (You found it on level 4 of the Dungeon)

   [ring of intelligence]

   Str:       It affects your strength (+2).
   Int:       It affects your intelligence (+6).
   Slay:      It affects your accuracy & damage with ranged weapons and melee
   (-2).
   rElec:     It insulates you from electricity.
 s - a +4 ring of evasion
 x - a ring of resist corrosion
 z - the ring of Dishonour {rPois SInv}
   (You found it on level 9 of the Dungeon)

   [ring of see invisible]

   rPois:     It protects you from poison.
   SInv:      It lets you see invisible.
 B - an amulet of the acrobat (around neck)
Wands
 i - a wand of flame (10)
 n - a wand of polymorph (9)
 A - a wand of digging (2)
Scrolls
 e - 4 scrolls of vulnerability
 l - 2 scrolls of magic mapping
 o - 6 scrolls of identify
 q - a scroll of amnesia
 r - 8 scrolls of teleportation
Potions
 d - 2 potions of brilliance
 j - a potion of resistance {unknown}
 u - a potion of degeneration
 w - 2 potions of mutation


   Skills:
 + Level 7.5 Fighting
 * Level 9.1 Long Blades
 + Level 6.9 Armour
 * Level 9.3 Shields


You had 9 spell levels left.
You didn't know any spells.
Your spell library contained the following spells:

 Spells                   Type           Power      Damage    Failure   Level
 Magic Dart               Conj           0%         1d3       92%         1
 Blink                    Tloc           N/A        N/A       98%         2
 Call Imp                 Summ           0%         N/A       98%         2
 Gell's Gravitas          Tloc           0%         N/A       100%        3
 Lesser Beckoning         Tloc           0%         N/A       100%        3
 Mephitic Cloud           Conj/Pois/Air  0%         N/A       100%        3
 Teleport Other           Tloc           0%         N/A       100%        3
 Manifold Assault         Tloc           0%         N/A       100%        5
 Dispersal                Tloc           0%         N/A       100%        6


Dungeon Overview and Level Annotations

Branches:
Dungeon (10/15)            Temple (1/1) D:7
   Lair: D:8-11         Orc: D:9-12

Altars:
Ashenzari
Cheibriados
Dithmenos
Elyvilon
Fedhas
Hepliaklqana
Kikubaaqudgha
Makhleb
Nemelex Xobeh
Okawaru
Qazlal
Ru
Trog
Uskayaw
Xom
Zin
The Shining One
Beogh

Shops:
D:4 [

Annotations:
D:8 2 transporters, exclusion: oklob plant, GEC's ghost, novice DsBr


Innate Abilities, Weirdness & Mutations

You have claws for feet.
You have a somewhat thin skeletal structure. (Dex +2, Stealth+)
A demonic guardian rushes to your aid.


Message History

Found a scroll of enchant weapon.
A two-headed ogre comes into view.
It is wielding two +0 giant spiked clubs.
The two-headed ogre shouts in stereo!
You see here a scroll of identify.
A two-headed ogre is nearby!
A two-headed ogre is nearby!
A two-headed ogre is nearby!
Unknown command.
The two-headed ogre misses you. The two-headed ogre barely misses you.
Unknown command.
You completely miss the two-headed ogre.
The two-headed ogre hits you but does no damage.
The two-headed ogre misses you.
You slash the two-headed ogre! Your kick misses the two-headed ogre.
The two-headed ogre is moderately wounded.
Unknown command.
You slash the two-headed ogre! You claw the two-headed ogre.
The two-headed ogre is severely wounded.
You block the two-headed ogre's attack. The two-headed ogre barely misses you.
You barely miss the two-headed ogre. You claw the two-headed ogre.
The two-headed ogre is severely wounded.
The two-headed ogre hits you with a +0 giant spiked club!! x2
Unknown command.
You are too injured to fight recklessly!
Unknown command.
You are too injured to fight recklessly!
Unknown command.
You are too injured to fight recklessly!
Unknown command.
You are too injured to fight recklessly!
You hit the two-headed ogre but do no damage.
You claw the two-headed ogre, but do no damage.
The two-headed ogre is severely wounded.
The two-headed ogre hits you with a +0 giant spiked club!
* * * LOW HITPOINT WARNING * * *
A demonic guardian appears!
You block the two-headed ogre's attack.
Your shield prevents you from hitting the two-headed ogre.
The two-headed ogre is severely wounded.
The two-headed ogre hits you with a +0 giant spiked club!!
You die...

###########
..........#
......O@..#
≈≈≈≈≈≈≈≈.4#
≈≈≈≈≈≈≈≈.?######
######≈≈.......#
#≈≈?####..#
#≈≈.# # #≈≈.#
#≈≈.# #≈≈.##


You could see a two-headed ogre (ally target) and a friendly ice devil
(summoned).

Vanquished Creatures
  Pikel (D:6)
  Maurice (D:8)
  2 hornets
  A wraith (D:9)
  Eustachio (D:5)
  8 yaks
  2 wyverns
  Grum (D:8)
  2 orc warriors
  A water moccasin (D:6)
  A necrophage (D:7)
  A sky beast (D:5)
  3 wolves (D:8)
  A centaur (D:10)
  3 ogres
  A phantom (D:5)
  2 kobold brigands
  4 bullfrogs
  A water moccasin zombie (D:6)
  2 gnoll sergeants
  A scorpion (D:5)
  14 wights
  4 howler monkeys
  3 centaur zombies
  2 hounds (D:4)
  A jelly (D:4)
  2 centaur skeletons
  A gnoll shaman (D:8)
  5 orc priests
  A bullfrog skeleton (D:5)
  3 iguanas
  7 orc wizards
  4 adders
  10 gnolls
  A white imp (D:5)
  2 worms (D:2)
  A dart slug (D:2)
  46 orcs
  8 ball pythons
  3 bats
  4 endoplasms
  A giant cockroach (D:1)
  6 hobgoblins
  10 jackals (D:1)
  2 quokkas (D:1)
  2 frilled lizards
  7 goblins
  18 kobolds
  5 rats
213 creatures vanquished.

Vanquished Creatures (collateral kills)
  A yak (D:8)
  2 orc warriors (D:8)
  A wolf (D:8)
  5 wights
  An orc priest (D:8)
  6 orcs (D:8)
16 creatures vanquished.

Grand Total: 229 creatures vanquished

Notes
Turn   | Place    | Note
-------+----------+-------------------------------------------
     0 | D:1      | Sin92 the Demonspawn Fighter began the quest for the Orb.
     0 | D:1      | Reached XP level 1. HP: 18/18 MP: 1/1
   310 | D:1      | Gained mutation: You have sharp toenails. [demonic
                  | ancestry]
   310 | D:1      | Reached XP level 2. HP: 11/24 MP: 2/2
  1070 | D:1      | Reached XP level 3. HP: 29/29 MP: 3/3
  1148 | D:1      | Found a faded altar of an unknown god.
  1992 | D:2      | Gained mutation: You have razor-sharp toenails. [demonic
                  | ancestry]
  1992 | D:2      | Reached XP level 4. HP: 34/35 MP: 4/4
  3003 | D:4      | Gained mutation: A weak demonic guardian rushes to your
                  | aid. [demonic ancestry]
  3003 | D:4      | Reached XP level 5. HP: 34/41 MP: 5/5
  3453 | D:4      | Identified the ring "Nocetom" {rElec Str+2 Int+6 Slay-2}
  3667 | D:4      | Found a broken altar of Ashenzari.
  3847 | D:4      | Reached XP level 6. HP: 47/48 MP: 6/6
  3875 | D:4      | Found Gaynlo's Antique Armour Emporium.
  3880 | D:4      | Bought a pair of scorched gloves for 171 gold pieces
  3880 | D:4      | Identified the +0 pair of gloves "Boicry" {+Inv Will+} (You
                  | bought it in a shop on level 4 of the Dungeon)
  3998 | D:5      | Entered Level 5 of the Dungeon
  4392 | D:5      | Found a stormy altar of Qazlal.
  4588 | D:5      | Noticed a sky beast
  4603 | D:5      | Killed a sky beast
  4604 | D:5      | Reached XP level 7. HP: 25/54 MP: 7/7
  4961 | D:5      | Noticed Eustachio
  4985 | D:5      | Killed Eustachio
  4986 | D:5      | Reached skill level 5 in Shields
  5334 | D:6      | Reached skill level 5 in Long Blades
  5691 | D:6      | Noticed Pikel
  5711 | D:6      | Gained mutation: You have claws for feet. [demonic
                  | ancestry]
  5711 | D:6      | Reached XP level 8. HP: 35/61 MP: 8/8
  5716 | D:6      | Killed Pikel
  5717 | D:6      | Reached skill level 5 in Fighting
  6103 | D:6      | Reached skill level 5 in Armour
  6367 | D:7      | Found a shadowy altar of Dithmenos.
  6608 | D:7      | Gained mutation: A demonic guardian rushes to your aid.
                  | [demonic ancestry]
  6608 | D:7      | Reached XP level 9. HP: 53/68 MP: 9/9
  7489 | D:7      | Found a hazy altar of Hepliaklqana.
  7489 | D:7      | Found a sacrificial altar of Ru.
  8052 | D:7      | Found a staircase to the Ecumenical Temple.
  8136 | Temple   | Entered the Ecumenical Temple
  8300 | Temple   | Became a worshipper of Warmaster Okawaru
  8656 | D:8      | Noticed an oklob plant
  8656 | D:8      | Noticed Maurice
  8676 | D:8      | Killed Maurice
  8711 | D:8      | Found a transporter.
  8714 | D:8      | Noticed a two-headed ogre
  8714 | D:8      | Noticed a red ugly thing
  8994 | D:8      | Reached * piety under Okawaru
  8997 | D:8      | Noticed Grum
  9020 | D:8      | Killed Grum
  9357 | D:8      | Gained mutation: You have a somewhat thin skeletal
                  | structure. (Dex +2, Stealth+) [demonic ancestry]
  9357 | D:8      | Reached XP level 10. HP: 20/77 MP: 10/10
  9660 | D:8      | Found a transporter.
  9662 | D:8      | Noticed GEC's ghost (novice DsBr)
  9662 | D:8      | Noticed a two-headed ogre
  9675 | D:8      | Noticed a deep elf pyromancer
  9879 | D:8      | Reached ** piety under Okawaru
 10533 | D:9      | Paralysed by a hornet for 3 turns
 11026 | D:9      | Identified the ring of Dishonour {rPois SInv}
 11529 | D:8      | Reached *** piety under Okawaru
 12417 | D:9      | Identified the +2 scale mail "Niriedoa" {rCorr Str+3}
 12756 | D:9      | Found a blossoming altar of Fedhas.
 12801 | D:10     | Entered Level 10 of the Dungeon
 13134 | D:10     | Noticed a two-headed ogre
 13145 | D:10     | Mangled by a two-headed ogre

Illustrated notes

Levels and vault maps discovered:
D:1:      lemuel_arrival_lava_pool, layout_loops_cross,
          chequers_ecumenical_altar_simple
D:2:      layout_rooms, columned_hall_lemuel
D:3:      layout_basic
D:4:      layout_loops_corners, kennysheep_mini_moat, serial_shops, shop,
          item_on_display_a
D:5:      layout_loops_ring, mainiacjoe_overflow_catwalk, tso_altar,
          uniq_eustachio
D:6:      layout_basic, uniq_pikel
D:7:      layout_layer_cave, nicolae_dithmenos_the_darkroom,
          gammafunk_temple_overflow_forgotten, minmay_temple_entry_fiery
D:8:      layout_loops_ring, nzn_ghost_randoct, special_room [special_room_orc],
          minmay_unpleasant_kobolds, uniq_grum, uniq_maurice
D:9:      layout_cave_pools, fedhas_altar_2
D:10:     layout_long_grid, erik_orc_2
Temple:   minmay_temple_curvy_branch

Skill      XL: |  1  2  3  4  5  6  7  8  9 10 |
---------------+-------------------------------+-----
Long Blades    | 2 3 4 5 6 7 9 |  9.1
Shields        | 3 4 5 6 8 9 |  9.3
Armour         | 3 4 5 6 |  6.9
Fighting       | 4 5 6 7 |  7.5

Action                   |  1- 3 |  4- 6 |  7- 9 | 10-12 || total
-------------------------+-------+-------+-------+-------++-------
Melee: Long sword        |   125 |   136 |   268 |   283 ||   812
       Kick              |    17 |    45 |    96 |   143 ||   301
Invok: Heroism           |       |       |       |     1 ||     1
  Use: Scroll            |       |     4 |    11 |     3 ||    18
       Potion            |       |     1 |     9 |     2 ||    12
 Stab: Invisible         |       |       |     2 |       ||     2
Armor: Scale mail        |    98 |   102 |    98 |   135 ||   433
Dodge: Dodged            |    47 |    70 |   169 |   185 ||   471
Block: Kite shield       |    83 |    70 |   185 |   242 ||   580
       Rpst.: Long sword |    14 |    14 |    49 |    39 ||   116

Table legend: (Time is in decaauts)
 A = Elapsed time spent in this place.
 B = Non-inter-level travel time spent in this place.
 C = Inter-level travel time spent in this place.
 D = Time resting spent in this place.
 E = Time spent auto-exploring this place.
 F = Levels seen in this place.
 G = Mean time per level.
                   A        B        C        D        E       F      G
               +--------+--------+--------+--------+--------+-----+--------+
         Total |  13366 |  13149 |    217 |   3642 |   7513 |  11 | 1215.1 |
       Dungeon |  13179 |  12983 |    196 |   3642 |   7359 |  10 | 1317.9 |
        Temple |    186 |    165 |     21 |      0 |    154 |   1 |  186.0 |
               +--------+--------+--------+--------+--------+-----+--------+

Top non-repeatable levels by time:
     D:8: 3482 daAuts
     D:6: 1678 daAuts
     D:7: 1661 daAuts
     D:1: 1476 daAuts
     D:5: 1193 daAuts
     D:4: 1190 daAuts
     D:3: 739 daAuts
     D:9: 713 daAuts
     D:2: 696 daAuts
    D:10: 348 daAuts
  Temple: 186 daAuts
